 Dungeon Crawl Stone Soup version 0.18.1-5-g4a78601 (webtiles) character file.

30 Esekla the Magician (level 3, -2/20 HPs)
             Began as a Deep Elf Transmuter on May 15, 2016.
             Slain by an adder (3 damage)
             ... on level 2 of the Dungeon.
             The game lasted 00:12:17 (1863 turns).

Esekla the Magician (Deep Elf Transmuter)           Turns: 1863, Time: 00:12:17

Health: -2/20      AC:  3    Str: 12    XL:     3   Next: 5%
Magic:  9/9        EV: 12    Int: 17    God:
Gold:   68         SH:  0    Dex: 16    Spells: 1 memorised, 7 levels left

rFire  . . .     SeeInvis .     e - +0 dagger
rCold  . . .     Gourm    .     l - +0 leather armour
rNeg   . . .     Faith    .     (no shield)
rPois  .         Spirit   .     (no helmet)
rElec  .         Dismiss  .     (no cloak)
rCorr  .         Reflect  .     (no gloves)
SustAt .         Harm     .     (no boots)
MR     .....                    (no amulet)
Stlth  +.........               (no ring)
                                (no ring)

@: mighty, lethally poisoned (-2 -> -14), not resistant to hostile enchantments,
very unstealthy
A: no striking features
a: no special abilities


You were on level 2 of the Dungeon.
You were not hungry.

You visited 1 branch of the dungeon, and saw 2 of its levels.

You collected 68 gold pieces.

Inventory:

Hand Weapons
 d - a +0 hunting sling
 e - a +0 dagger (weapon)
 k - a +0 short sword
Missiles
 a - 33 arrows
 g - 15 stones (quivered)
Armour
 b - a +0 robe
 l - a +0 leather armour (worn)
Scrolls
 h - 2 scrolls of fog {unknown}
 i - a scroll of blinking {unknown}
 j - 4 scrolls of identify {unknown}
 n - a scroll of teleportation {unknown}
Books
 c - a book of Changes

   Spells                             Type                      Level
   a - Beastly Appendage              Transmutation                1
   b - Sticks to Snakes               Transmutation                2
   c - Spider Form                    Transmutation/Poison         3
   d - Ice Form                       Ice/Transmutation            4
   e - Blade Hands                    Transmutation                5
Comestibles
 m - a bread ration
 o - a beef jerky


   Skills:
 - Level 1.0 Fighting
 + Level 2.6 Short Blades
 - Level 2.4 Dodging
 - Level 2.4 Unarmed Combat
 - Level 3.0 Spellcasting
 - Level 2.1 Transmutations


You had 7 spell levels left.
You knew the following spells:

 Your Spells              Type           Power        Failure   Level  Hunger
a - Beastly Appendage     Trmt           ##....       12%         1    None


Dungeon Overview and Level Annotations

Branches:
Dungeon (2/15)

Altars:


Message History

You feel sick. The adder barely misses you.
You hit the adder.
The adder is severely wounded.
The adder completely misses you.
You barely miss the adder.
The adder is severely wounded.
The adder bites you.
* * * LOW HITPOINT WARNING * * *
You are more poisoned.
The adder poisons you!
You barely miss the adder.
The adder is severely wounded.
* * * LOW HITPOINT WARNING * * *
You feel sick. The adder bites you.
* * * LOW HITPOINT WARNING * * *
You closely miss the adder.
The adder is severely wounded.
* * * LOW HITPOINT WARNING * * *
You feel sick. The adder bites you.
You die...

#....##.#.....#.#######
###.....#####.#.#
#.....#.....#.#
#.....#.....#.#
#.....#..<....#
#.....#.#.#.###
#...........#
#....##.#.#.#
#....##...#@#
#..g.######S#
##+##.g((..g#
...#.####### ....#.#
.....#.# ..S...#.#
#..g...#.# .......#.#


You could see an adder and a hobgoblin.

Vanquished Creatures
  A dart slug (D:1)
  A giant gecko (D:1)
  2 bats
  3 giant cockroaches (D:1)
  5 goblins (D:1)
  4 hobgoblins (D:1)
  A quokka (D:1)
  2 giant newts (D:1)
  3 kobolds
  3 rats (D:1)
25 creatures vanquished.

Notes
Turn   | Place    | Note
--------------------------------------------------------------
     0 | D:1      | Esekla the Deep Elf Transmuter began the quest for the Orb.
     0 | D:1      | Reached XP level 1. HP: 11/11 MP: 6/6
    13 | D:1      | Reached skill level 1 in Fighting
   185 | D:1      | Reached skill level 1 in Short Blades
   374 | D:1      | Reached XP level 2. HP: 10/16 MP: 8/8
  1684 | D:1      | Reached XP level 3. HP: 17/20 MP: 9/9
  1863 | D:2      | HP: 1/20 [poisoned by an adder]
  1863 | D:2      | Slain by an adder

Skill      XL: |  1  2 |
---------------+-------+-----
Fighting       | 1 |  1.0
Short Blades   | 1 2 |  2.6
Dodging        | |  2.4
Unarmed Combat | |  2.4
Spellcasting   | |  3.0
Transmutations | |  2.1

Action                   || total
-------------------------++-------
Melee: Dagger            ||   180
       Unarmed           ||     2
       Punch             ||     3
Throw: Stone             ||     5
  Use: Potion            ||     2
 Stab: Sleeping          ||     1
  Eat: Bread ration      ||     1
       Pizza             ||     1
Armor: Robe              ||    14
       Leather armour    ||    14
Dodge: Dodged            ||   102
